 Dungeon Crawl Stone Soup version 0.17-a0-848-g7e5c6af (webtiles) character file.

215665 Zwobot the Eclecticist (level 18, -6/97 HPs)
             Began as a Felid Venom Mage on Apr 27, 2015.
             Was the Champion of Vehumet.
             Hit by a javelin thrown by a merfolk javelineer (29 damage)
             ... on level 4 of the Shoals.
             The game lasted 06:25:07 (66632 turns).

Zwobot the Eclecticist (Felid Venom Mage)          Turns: 66632, Time: 06:25:08

Health: -6/97      AC:  3    Str:  4    XL:     18   Next: 33%
Magic:  15/40      EV: 31    Int: 25    God:    Vehumet [******]
Gold:   1557       SH:  0    Dex: 16    Spells: 9 memorised, 7 levels left
                                        Lives:  0   Deaths: 5

rFire  . . .     SeeInvis +       - Unarmed
rCold  + . .     Clarity  .     (armour unavailable)
rNeg   . . .     SustAb   .     (shield unavailable)
rPois  +         Gourm    .     (helmet unavailable)
rElec  .         Spirit   .     (cloak unavailable)
rCorr  .         Warding  .     (gloves unavailable)
rMut   .         Stasis   .     (boots unavailable)
MR     ++...                    o - amulet of Vitality {Regen+ HP+15}
Stlth  ++++++....               (no ring)
                                v - ring of poison resistance

@: very slightly contaminated, hasted, invisible, very quick, very resistant to
hostile enchantments, very stealthy
A: no armour, no weapons or thrown items, claws 1, fangs 3, see invisible,
carnivore 3, speed 1, shaggy fur 3, slow metabolism 1, sharp paws
a: Renounce Religion
}: 1/15 runes: gossamer


You were on level 4 of the Shoals.
You worshipped Vehumet.
Vehumet was exalted by your worship.
You were very full.

You visited 7 branches of the dungeon, and saw 40 of its levels.
You also visited: Sewer, Ice Cave and Volcano.

You collected 3394 gold pieces.
You spent 1837 gold pieces at shops.

Inventory:

Jewellery
 d - an uncursed ring of ice
 h - an uncursed ring of protection from magic
 o - the amulet of Vitality (around neck) {Regen+ HP+15}
   (You found it on level 4 of the Dungeon)

   [amulet of regeneration]

   It affects your health (+15).
   It increases your rate of regeneration.
 s - an uncursed ring of teleport control
 v - a ring of poison resistance (left paw)
 y - an uncursed amulet of stasis
 E - an uncursed amulet of clarity
 G - an uncursed ring of fire
 K - an uncursed ring of positive energy
Magical devices
 a - a wand of teleportation (2)
 c - a wand of lightning (10)
 e - a wand of cold (8)
 j - a wand of magic darts (22)
 M - a wand of cold (9)
 O - a wand of teleportation (5)
 S - a wand of paralysis (11)
 U - a wand of digging (12)
Scrolls
 i - 3 scrolls of recharging
 m - 2 scrolls of magic mapping
 q - 11 scrolls of remove curse
 z - 6 scrolls of fog
 A - 2 scrolls of fear
 D - 4 scrolls of noise
 I - a scroll of amnesia
 J - a scroll of holy word
 T - a scroll of identify
 X - 2 scrolls of immolation
Potions
 f - 4 potions of brilliance
 g - 8 potions of haste
 k - 5 potions of flight
 r - a potion of cure mutation
 t - 2 potions of might
 u - 4 potions of restore abilities
 w - 3 potions of cancellation
 B - 5 potions of curing
 F - a potion of agility
 P - a potion of invisibility
 R - 2 potions of resistance
 W - 5 potions of ambrosia
Books
 l - a book of Control

   Spells                             Type                      Level
   a - Control Teleport               Charms/Translocation         4
   b - Control Undead                 Necromancy                   4
   c - Metabolic Englaciation         Hexes/Ice                    5
   d - Mass Confusion                 Hexes                        6
 p - a book of the Warp

   Spells                             Type                      Level
   a - Recall                         Summoning/Translocation      3
   b - Gell's Gravitas                Hexes/Translocation          3
   c - Control Teleport               Charms/Translocation         4
   d - Force Lance                    Conjuration/Translocation    4
   e - Phase Shift                    Translocation                5
   f - Warp Weapon                    Charms/Translocation         5
   g - Summon Forest                  Summoning/Translocation      5
 x - a book of Minor Magic

   Spells                             Type                      Level
   a - Magic Dart                     Conjuration                  1
   b - Blink                          Translocation                2
   c - Call Imp                       Summoning                    2
   d - Repel Missiles                 Charms/Air                   2
   e - Slow                           Hexes                        2
   f - Conjure Flame                  Conjuration/Fire             3
   g - Mephitic Cloud                 Conjuration/Poison/Air       3
 C - a book of Conjurations

   Spells                             Type                      Level
   a - Magic Dart                     Conjuration                  1
   b - Searing Ray                    Conjuration                  2
   c - Dazzling Spray                 Conjuration/Hexes            3
   d - Fulminant Prism                Conjuration/Hexes            4
   e - Iskenderun's Mystic Blast      Conjuration                  4
   f - Iskenderun's Battlesphere      Conjuration/Charms           5
 H - a book of the Earth

   Spells                             Type                      Level
   a - Leda's Liquefaction            Hexes/Earth                  4
   b - Bolt of Magma                  Conjuration/Fire/Earth       5
   c - Statue Form                    Transmutation/Earth          6
   d - Iron Shot                      Conjuration/Earth            6
   e - Shatter                        Earth                        9
 L - a book of Clouds

   Spells                             Type                      Level
   a - Mephitic Cloud                 Conjuration/Poison/Air       3
   b - Conjure Flame                  Conjuration/Fire             3
   c - Poisonous Cloud                Conjuration/Poison/Air       6
   d - Freezing Cloud                 Conjuration/Ice/Air          6
   e - Ring of Flames                 Charms/Fire                  7
 N - a book of Ice

   Spells                             Type                      Level
   a - Ice Form                       Ice/Transmutation            4
   b - Metabolic Englaciation         Hexes/Ice                    5
   c - Ozocubu's Refrigeration        Ice                          6
   d - Bolt of Cold                   Conjuration/Ice              6
   e - Freezing Cloud                 Conjuration/Ice/Air          6
   f - Simulacrum                     Ice/Necromancy               6
 Q - a Grand Grimoire {highlevel}

   This book is beyond your current level of understanding.

   Spells                             Type                      Level
   a - Aura of Abjuration             Summoning                    6
   b - Summon Greater Demon           Summoning                    7
   c - Malign Gateway                 Summoning/Translocation      7
   d - Summon Horrible Things         Summoning                    8
 Y - a book of Power

   Spells                             Type                      Level
   a - Fulminant Prism                Conjuration/Hexes            4
   b - Iskenderun's Mystic Blast      Conjuration                  4
   c - Venom Bolt                     Conjuration/Poison           5
   d - Bolt of Magma                  Conjuration/Fire/Earth       5
   e - Iron Shot                      Conjuration/Earth            6
   f - Orb of Destruction             Conjuration                  7
   g - Spellforged Servitor           Conjuration/Summoning        7
Miscellaneous
 V - a crystal ball of energy
Comestibles
 b - 12 meat rations
 n - a chunk of flesh
 Z - 2 slices of pizza


   Skills:
 - Level 11.0 Fighting
 - Level 16.3 Dodging
 - Level 10.0 Stealth
 + Level 12.1 Unarmed Combat
 - Level 17.0 Spellcasting
 - Level 15.0 Conjurations
 - Level 11.0 Transmutations
 - Level 4.0 Air Magic
 - Level 12.4 Earth Magic
 - Level 10.0 Poison Magic
 - Level 5.2 Evocations


You had 7 spell levels left.
You knew the following spells:

 Your Spells              Type           Power        Failure   Level  Hunger
a - Poison Arrow          Conj/Pois      ######....   1%          6    ####...
b - Mephitic Cloud        Conj/Pois/Air  ######..     1%          3    None
c - Repel Missiles        Chrm/Air       ####..       1%          2    None
d - Poisonous Cloud       Conj/Pois/Air  ######....   2%          6    ####...
e - Bolt of Cold          Conj/Ice       ######....   5%          6    ####...
f - Statue Form           Trmt/Erth      ######...    2%          6    ####...
g - Blink                 Tloc           N/A          4%          2    None
h - Iron Shot             Conj/Erth      ######....   1%          6    ####...
i - Orb of Destruction    Conj           #######...   1%          7    #####..


Dungeon Overview and Level Annotations

Branches:
Dungeon (15/15)            Temple (1/1) D:5            Lair (8/8) D:11
 Shoals (4/4) Lair:3       Spider (4/4) Lair:6        Slime (0/6) Lair:6
    Orc (4/4) D:11            Elf (0/3) Orc:3        Vaults (4/5) D:13
  Crypt (0/3) Vaults:2     Depths (0/5) D:15

Altars:
Ashenzari
Cheibriados
Dithmenos
Elyvilon
Fedhas
Gozag
Kikubaaqudgha
Makhleb
Nemelex Xobeh
Okawaru
Qazlal
Ru
Sif Muna
Trog
Vehumet
Xom
Yredelemnul
Zin
The Shining One
Beogh
Jiyva

Shops:
D:4 [   D:10 [   D:11 ?   D:12 =   Orc:2 [   Orc:3 *   Orc:4 [:*[   Shoals:1 [
Shoals:2 *[(*(   Vaults:1 (

Annotations:
D:3 3 exclusions
D:4 ImmaFairy's ghost, average FoFi
D:7 Zwobot's ghost, experienced FoAM
D:8 exclusion: 3 killer bees
D:11 exclusion: door
D:13 exclusions: storm dragon and 4 more exclusions
Lair:1 exclusion: spiny frog
Lair:4 exclusion: oklob plant
Lair:6 1 runed door
Lair:7 1 exclusion
Shoals:4 Polyphemus
Vaults:2 Mara


Innate Abilities, Weirdness & Mutations

You cannot wear armour.
You are incapable of wielding weapons or throwing items.
You have sharp claws.
You have razor-sharp teeth.
You have supernaturally acute eyesight.
You are carnivorous and can eat meat at any time.
You cover ground quickly.
Your thick and shaggy fur keeps you warm (AC +3, rC+).
You have a slow metabolism.
Your sharp claws are effective at attacking unaware monsters.


Message History

You fall into the shallow water.
Moving in this stuff is going to be slow. ...and don't expect to remain undetected.
The siren is engulfed in poison gas.
You kill the siren!
Vehumet accepts your kill.
You feel your power returning.
The merfolk javelineer throws a javelin.
The javelin is repelled.
You feel less protected from missiles.
You hear a splash.
Read which item? (? for menu, Esc to quit)
As you read the scroll of fog, it crumbles to dust.
The scroll dissolves into smoke.
The merfolk javelineer is engulfed in poison gas.
Unknown command.
You start resting.
The merfolk javelineer throws a javelin.
The javelin hits you!!
You die...

≈≈P≈≈≈≈≈≈≈#*,,,##§§....§≈≈≈≈≈≈≈≈≈
≈..≈≈≈≈≈≈≈≈#####§§§..)≈≈≈≈≈≈≈≈≈≈≈
,*$≈≈≈≈P≈≈≈≈≈≈≈§§§§≈≈≈≈≈≈≈≈≈≈≈≈≈≈
#*#.≈≈≈PP≈≈≈≈≈≈§m§§§≈≈≈≈≈≈≈≈≈≈≈≈≈
.##P≈≈≈P≈≈≈≈≈...§§§§≈≈≈≈≈≈≈≈≈≈≈≈≈
P≈<≈≈≈≈≈≈≈≈≈...§.≈§≈≈≈≈≈≈≈≈≈≈≈≈≈≈
PP≈≈.≈P≈≈≈.......≈≈#####≈≈≈≈≈≈≈≈≈
PP≈....PPP.P.P...≈##...##≈≈≈≈≈≈≈≈
P≈....P..≈......@≈#.E.H.#≈≈≈≈≈≈≈≈
P........≈...P...≈+k.)..#≈≈≈≈≈≈≈≈
PP.......≈≈......≈#.t...#≈≈≈≈≈≈≈≈
#####...≈≈≈≈)....≈##...##≈≈≈≈≈≈≈≈
#...##.≈≈≈≈≈≈≈...≈≈#####≈≈≈≈≈≈≈≈≈
.....#≈÷≈≈≈≈≈≈....≈≈..≈≈≈≈≈≈≈≈≈≈≈
..:/.'.≈≈≈≈≈≈≈.........≈≈≈≈≈≈≈≈≈≈
.....#..≈≈≈≈≈≈.....(....≈≈≈≈≈≈≈≈≈
#...##....≈≈≈............≈≈≈≈≈≈≈≈


You could see a merfolk javelineer.

Vanquished Creatures
  Frederick (Vaults:2)
  Margery (Vaults:1)
  A lich (Vaults:4)
  The ghost of namelastname112 the Nimble, a mighty DrWr of Ru (Shoals:3)
  3 sphinxes
  Agnes (D:14)
  An ancient champion (Vaults:2)
  Kirke (Spider:4)
  A fire giant (Vaults:4)
  2 storm dragons
  A frost giant (Vaults:1)
  Donald (Vaults:2)
  4 ghost moths
  Maud (D:13)
  17 vault wardens
  7 emperor scorpions
  A player illusion (Vaults:2)
  5 deep elf sorcerers
  16 ironheart preservers
  5 stone giants
  4 very ugly things
  A vampire knight (D:13)
  Azrael (D:13)
  2 deep elf annihilators
  An ettin (Vaults:1)
  A deep elf death mage (Vaults:3)
  A merfolk javelineer (Shoals:3)
  11 vault guards
  2 fire dragons
  6 merfolk impalers
  8 yaktaur captains
  4 great orbs of eyes
  4 ice dragons
  5 hydras
  9 centaur warriors
  2 rakshasas
  2 entropy weavers (Spider:4)
  A merfolk avatar (Shoals:1)
  A salamander stormcaller (Vaults:1)
  3 merfolk aquamancers
  13 death yaks
  2 tengu warriors
  A catoblepas (Lair:8)
  A deep troll shaman (Lair:8)
  9 ogre magi
  A vampire mage (D:15)
  An orc high priest (Orc:4)
  An alligator (shapeshifter) (Vaults:4)
  2 satyrs (Shoals:3)
  Sonja (Lair:1)
  3 hell knights (Vaults:2)
  A storm dragon zombie (D:15)
  2 fire crabs
  11 skeletal warriors
  5 sea snakes
  4 wizards
  5 deep elf knights
  6 deep trolls
  4 unseen horrors (Vaults:1)
  4 giant orange brains
  A lindwurm (Lair:7)
  2 deep elf summoners
  2 flayed ghosts
  10 griffons
  A sphinx zombie (D:15)
  9 orc knights
  2 phantasmal warriors
  13 harpies
  37 wolf spiders
  24 orb spiders
  3 deep elf conjurers
  A cyclops (shapeshifter) (Vaults:4)
  3 necromancers
  10 hill giants
  14 ironbrand convokers
  3 oklob plants (Lair:8)
  7 orc sorcerers
  6 fauns
  5 cyclopes
  5 hornets
  39 ugly things
  5 manticores
  A draconian (shapeshifter) (Vaults:4)
  A stone giant zombie (D:15)
  4 water nymphs
  4 sirens
  A frost giant skeleton (D:15)
  Maurice (D:8)
  30 elephants
  A moth of wrath (Spider:2)
  4 gargoyles
  10 black mambas
  A torpor snail (Spider:1)
  11 vault sentinels
  A queen ant (Spider:3)
  14 spiny frogs
  A redback zombie (D:15)
  11 komodo dragons
  10 demonic crawlers
  8 trolls
  An elf (shapeshifter) (Vaults:4)
  An efreet (D:15)
  6 kobold demonologists
  A guardian mummy (D:15)
  29 yaktaurs
  A wind drake (shapeshifter) (Vaults:4)
  23 jumping spiders
  5 fire drakes
  4 freezing wraiths
  A troll (shapeshifter) (Vaults:2)
  20 merfolk
  2 deep elf priests
  15 slime creatures
  17 two-headed ogres
  A jumping spider (shapeshifter) (Vaults:1)
  Prince Ribbit (D:8)
  2 boulder beetles
  A hornet zombie (D:15)
  9 ravens
  34 blink frogs
  A yak (shapeshifter) (Vaults:1)
  6 deep elf magi
  9 snapping turtles
  A fire elemental (D:13)
  26 tarantellas
  37 yaks
  3 water elementals
  2 human simulacra (Vaults:2)
  41 redbacks
  15 trapdoor spiders
  2 wyverns
  15 hippogriffs
  2 basilisks
  A hog (shapeshifter) (D:13)
  A wraith (D:15)
  A basilisk (shapeshifter) (Vaults:2)
  A fire bat (Volcano)
  13 vampire mosquitoes
  3 hogs (Spider:4)
  A hungry ghost (D:8)
  2 mottled dragons
  15 deep elf fighters
  A soldier ant (shapeshifter) (Vaults:2)
  14 wolves
  10 water moccasins
  2 wargs
  7 soldier ants (Spider:3)
  A human skeleton (Vaults:2)
  16 porcupines
  Duvessa (D:5)
  4 hell hounds (D:13)
  A dwarf (shapeshifter) (Vaults:3)
  28 orc warriors
  27 spiders
  2 ice beasts
  7 sky beasts
  5 black bears
  An ettin simulacrum (Vaults:1)
  38 ogres
  8 boggarts
  A wasp (D:7)
  2 phantoms
  5 big kobolds
  20 centaurs
  18 crocodiles
  A brain worm (Lair:5)
  2 boring beetles
  A human zombie (Vaults:2)
  22 giant frogs
  A deep troll simulacrum (Vaults:2)
  10 killer bees (D:13)
  2 wyvern skeletons
  Dowan (D:5)
  A water moccasin skeleton (D:9)
  3 wights (D:10)
  A jelly (D:15)
  3 scorpions
  2 electric eels
  2 crimson imps (D:14)
  2 quasits
  27 orc priests
  6 centaur skeletons
  2 centaur zombies
  Crazy Yiuf (D:5)
  7 hounds
  11 iguanas
  29 worker ants
  A gnoll shaman (D:7)
  38 orc wizards
  A killer bee zombie (D:5)
  27 sheep
  A giant frog simulacrum (D:13)
  A hound zombie (D:7)
  A hound skeleton (D:11)
  16 adders
  A worker ant zombie (D:8)
  13 gnolls
  59 river rats
  4 shadow imps
  2 worms (D:3)
  9 giant geckos
  132 orcs
  2 ball pythons
  15 bats
  A bat skeleton (D:6)
  A bat zombie (D:5)
  15 hobgoblins
  21 jackals
  34 kobolds
  6 quokkas
  8 giant cockroaches
  5 giant newts
  2 giant spores
  25 goblins
  A jackal skeleton (D:4)
  13 rats
  16 ballistomycetes
  4 fungi
  3 plants
1739 creatures vanquished.

Vanquished Creatures (collateral kills)
  A hog (Spider:4)
1 creature vanquished.

Vanquished Creatures (others)
  2 two-headed ogres
  A deep elf mage (Vaults:2)
  A hog (Volcano)
  A lost soul (Vaults:3)
  A jelly (D:13)
  An ufetubus (IceCv)
  An adder zombie (D:7)
  2 orcs (D:13)
  2 giant spores
  2 kobolds (D:7)
  8 fungi (Lair:8)
  7 plants
29 creatures vanquished.

Grand Total: 1769 creatures vanquished

Notes
Turn   | Place    | Note
--------------------------------------------------------------
     0 | D:1      | Zwobot, the Felid Venom Mage, began the quest for the Orb.
     0 | D:1      | Reached XP level 1. HP: 7/7 MP: 4/4
   368 | D:1      | Reached skill level 1 in Conjurations
   368 | D:1      | Reached XP level 2. HP: 11/11 MP: 3/6
   858 | D:1      | Reached skill level 4 in Poison Magic
  1547 | D:2      | Reached XP level 3. HP: 14/14 MP: 4/7
  1552 | D:2      | Learned a level 3 spell: Mephitic Cloud
  1555 | D:2      | Learned a level 2 spell: Cure Poison
  2780 | D:3      | Found a glowing drain.
  2785 | D:3      | Reached XP level 4. HP: 18/18 MP: 0/8
  2855 | Sewer    | Entered a sewer
  4312 | D:4      | Reached skill level 1 in Fighting
  4784 | D:4      | Reached XP level 5. HP: 22/22 MP: 1/10
  5136 | D:4      | Found Conor's Armour Shop.
  5162 | D:4      | Noticed ImmaFairy's ghost (average FoFi)
  5182 | D:5      | Entered Level 5 of the Dungeon
  5202 | D:5      | Noticed Duvessa
  5207 | D:5      | Noticed Dowan
  5207 | D:5      | Noticed an ogre
  5331 | D:5      | Killed Dowan
  5487 | D:4      | Gained mutation: You are covered in thick fur (AC +2). [Felid growth]
  5487 | D:4      | Reached XP level 6. HP: 26/26 MP: 1/11
  5941 | D:5      | Noticed a centaur
  6153 | D:5      | Killed a centaur
  6278 | D:5      | Noticed a phantom
  6425 | D:5      | Found a staircase to the Ecumenical Temple.
  6434 | Temple   | Entered the Ecumenical Temple
  6871 | D:5      | Killed an ogre
  6871 | D:5      | Reached skill level 1 in Air Magic
  6871 | D:5      | Reached XP level 7. HP: 30/30 MP: 8/12
  7043 | D:5      | Noticed Crazy Yiuf
  7252 | D:5      | Killed Duvessa
  7252 | D:5      | Reached skill level 5 in Dodging
  7252 | D:5      | Reached skill level 5 in Stealth
  7300 | D:5      | Killed Crazy Yiuf
  7884 | D:6      | Reached skill level 6 in Stealth
  8112 | D:6      | Reached XP level 8. HP: 33/33 MP: 5/13
  8639 | D:6      | Reached skill level 7 in Dodging
  8860 | D:7      | Found an ancient bone altar of Kikubaaqudgha.
  9013 | D:7      | Reached skill level 5 in Poison Magic
  9032 | D:7      | Noticed Zwobot's ghost (experienced FoAM)
  9060 | D:7      | Reached skill level 5 in Conjurations
  9264 | D:7      | Found a sacrificial altar of Ru.
  9317 | D:7      | Learned a level 1 spell: Freeze
  9323 | D:7      | Learned a level 5 spell: Venom Bolt
  9597 | D:8      | Reached XP level 9. HP: 36/36 MP: 8/14
 10556 | D:8      | Noticed Prince Ribbit
 10641 | D:8      | Killed Prince Ribbit
 10733 | D:9      | Noticed a hill giant
 10746 | D:9      | Killed a hill giant
 10851 | D:9      | Found an opulent altar of Gozag.
 10906 | D:9      | Reached skill level 5 in Unarmed Combat
 11535 | D:9      | Found a bloodstained altar of Trog.
 11622 | D:9      | Reached XP level 10. HP: 43/43 MP: 2/15
 11922 | D:9      | Reached skill level 5 in Fighting
 12283 | D:8      | Noticed Maurice
 12295 | D:8      | Killed Maurice
 12649 | D:8      | Found a burning altar of Makhleb.
 12650 | D:8      | Found a white marble altar of Elyvilon.
 12653 | D:8      | Found a bloodstained altar of Trog.
 12654 | D:8      | Found a radiant altar of Vehumet.
 12662 | D:8      | Became a worshipper of Vehumet
 13075 | D:8      | Reached skill level 8 in Conjurations
 13129 | D:10     | Entered Level 10 of the Dungeon
 13274 | D:10     | Acquired Vehumet's first power
 13274 | D:10     | Offered knowledge of Flame Tongue by Vehumet.
 13542 | D:11     | Noticed an orc sorcerer
 13563 | D:11     | Killed an orc sorcerer
 13563 | D:11     | Reached skill level 9 in Conjurations
 13572 | D:11     | Noticed a skeletal warrior
 13601 | D:11     | Found Suett's Magic Scroll Boutique.
 13610 | D:11     | Bought a scroll of fear for 42 gold pieces
 13610 | D:11     | Bought a scroll of teleportation for 36 gold pieces
 13610 | D:11     | Bought a scroll of identify for 24 gold pieces
 13610 | D:11     | Bought a scroll of random uselessness for 12 gold pieces
 13721 | D:11     | Found a staircase to the Lair.
 14170 | D:11     | Noticed a rust devil
 14171 | D:11     | Reached XP level 11. HP: 47/47 MP: 1/17
 14176 | D:11     | Offered knowledge of Throw Flame by Vehumet.
 14414 | D:10     | Found Kogyomuc's Armour Boutique.
 14779 | D:11     | Found a staircase to the Orcish Mines.
 14875 | D:11     | Learned a level 4 spell: Throw Icicle
 14914 | D:12     | Offered knowledge of Searing Ray by Vehumet.
 15125 | Lair:1   | Entered Level 1 of the Lair of Beasts
 15125 | Lair:1   | Noticed Sonja
 15138 | Lair:1   | Killed Sonja
 15138 | Lair:1   | Reached skill level 5 in Spellcasting
 15347 | Lair:1   | Reached skill level 1 in Evocations
 15609 | Lair:1   | Acquired Vehumet's second power
 16011 | Lair:1   | Reached skill level 5 in Evocations
 17755 | Lair:2   | Offered knowledge of Airstrike by Vehumet.
 18148 | Lair:2   | Gained mutation: Your thick and shaggy fur keeps you warm (AC +3, rC+). [Felid growth]
 18148 | Lair:2   | Reached XP level 12. HP: 51/51 MP: 1/20
 18704 | Lair:3   | Noticed a seven-headed hydra
 18710 | Lair:3   | Killed a seven-headed hydra
 18710 | Lair:3   | Reached skill level 10 in Dodging
 19343 | Lair:3   | Found a staircase to the Shoals.
 19410 | Lair:3   | Acquired Vehumet's third power
 19455 | Lair:3   | Learned a level 5 spell: Bolt of Magma
 19525 | Lair:3   | Reached skill level 1 in Earth Magic
 19594 | Lair:3   | Offered knowledge of Iskenderun's Mystic Blast by Vehumet.
 19607 | Lair:3   | Learned a level 4 spell: Iskenderun's Mystic Blast
 20096 | Lair:3   | Noticed a four-headed hydra
 20111 | Lair:3   | Killed a four-headed hydra
 20265 | Lair:3   | Found a hole to the Spider Nest.
 21050 | Lair:4   | Reached skill level 5 in Earth Magic
 21161 | Lair:4   | Found a dark tunnel.
 21168 | Volcano  | Entered a volcano
 21225 | Volcano  | Reached skill level 10 in Unarmed Combat
 21329 | Volcano  | Engulfed by a cloud of flame
 21330 | Volcano  | Reached XP level 11. HP: -6/62 MP: 19/19
 21993 | Lair:5   | Offered knowledge of Poison Arrow by Vehumet.
 22375 | Lair:5   | Noticed a death yak
 22387 | Lair:5   | Reached XP level 12. HP: 51/51 MP: 14/21
 22647 | Lair:5   | Learned a level 6 spell: Poison Arrow
 23129 | Lair:5   | Noticed a death yak
 23277 | Lair:5   | Killed a death yak
 23279 | Lair:5   | Noticed a death yak
 23397 | Lair:5   | Killed a death yak
 23424 | Lair:5   | Killed a death yak
 24101 | Lair:6   | Reached skill level 10 in Conjurations
 24259 | Lair:6   | Found a hole to the Spider Nest.
 24353 | Lair:6   | Noticed a seven-headed hydra
 24442 | Lair:6   | Killed a seven-headed hydra
 24883 | Lair:6   | Found a runed door.
 24884 | Lair:6   | Found a viscous altar of Jiyva.
 24916 | Lair:6   | Found a staircase to the Slime Pits.
 24919 | Lair:6   | Reached XP level 13. HP: 54/54 MP: 4/26
 26475 | Lair:7   | Reached skill level 11 in Conjurations
 26942 | Lair:8   | Entered Level 8 of the Lair of Beasts
 27099 | Lair:8   | Reached skill level 10 in Poison Magic
 27367 | Lair:8   | Offered knowledge of Delayed Fireball by Vehumet.
 27859 | Lair:8   | Reached skill level 12 in Conjurations
 28369 | Lair:8   | Reached XP level 14. HP: 58/58 MP: 20/28
 28512 | Lair:8   | Reached skill level 10 in Stealth
 29423 | Lair:8   | Offered knowledge of Fireball by Vehumet.
 30069 | Spider:1 | Entered Level 1 of the Spider Nest
 30288 | D:12     | Found Plog's Jewellery Shop.
 30298 | D:12     | Reached skill level 13 in Dodging
 30753 | D:12     | Noticed a hill giant
 30761 | D:12     | Killed a hill giant
 30960 | D:13     | Noticed a storm dragon
 31055 | D:12     | Learned a level 6 spell: Iron Shot
 31357 | D:13     | Noticed Maud
 31362 | D:13     | Killed Maud
 31833 | D:13     | Found a gate to the Vaults.
 31904 | D:13     | Noticed Azrael
 31913 | D:13     | Killed Azrael
 32096 | D:13     | Found a glowing golden altar of the Shining One.
 32640 | D:14     | Reached skill level 10 in Spellcasting
 32791 | D:14     | Reached XP level 15. HP: 17/61 MP: 9/30
 33227 | D:14     | Noticed Agnes
 33234 | D:14     | Killed Agnes
 33381 | D:14     | Offered knowledge of Lightning Bolt by Vehumet.
 34054 | D:15     | Entered Level 15 of the Dungeon
 34819 | D:15     | Found a staircase to the Depths.
 35190 | D:14     | Slain by a raven
 35191 | D:14     | Reached XP level 14. HP: -1/73 MP: 2/29
 35350 | Orc:1    | Entered Level 1 of the Orcish Mines
 35660 | Orc:2    | Found a burning altar of Makhleb.
 35665 | Orc:2    | Found Wuify's Armour Boutique.
 35669 | Orc:2    | Reached skill level 14 in Dodging
 36294 | Orc:3    | Offered knowledge of Spellforged Servitor by Vehumet.
 36342 | Orc:3    | Found Pesadgh's General Store.
 36348 | Orc:3    | Found a staircase to the Elven Halls.
 36366 | Orc:3    | Bought a cursed amulet of inaccuracy for 28 gold pieces
 36449 | Orc:3    | Found a roughly hewn altar of Beogh.
 36523 | Orc:4    | Entered Level 4 of the Orcish Mines
 36682 | Orc:4    | Found a roughly hewn altar of Beogh.
 37481 | Orc:4    | Offered knowledge of Orb of Destruction by Vehumet.
 37508 | Orc:4    | Learned a level 7 spell: Orb of Destruction
 37677 | Orc:4    | Found Onuhea's Armour Shoppe.
 37677 | Orc:4    | Found Moosyej's Assorted Antiques.
 37678 | Orc:4    | Found Geacloc's Antique Armour Emporium.
 37688 | Orc:4    | Found Kufaozom's Book Emporium.
 37726 | Orc:4    | Bought a book of Minor Magic for 320 gold pieces
 37726 | Orc:4    | Bought a book of Clouds for 720 gold pieces
 37730 | Orc:4    | Learned a level 2 spell: Repel Missiles
 38430 | Shoals:1 | Entered Level 1 of the Shoals
 38430 | Shoals:1 | Found Dues's Armour Shop.
 39020 | Shoals:1 | Identified a scroll of acquirement
 39096 | Shoals:1 | Slain by a harpy
 39097 | Shoals:1 | Reached XP level 13. HP: 0/106 MP: 23/29
 39990 | Spider:1 | Reached XP level 14. HP: 62/62 MP: 22/30
 40723 | Spider:2 | Noticed a ghost moth
 40993 | Spider:3 | Offered knowledge of Bolt of Fire by Vehumet.
 41237 | Spider:3 | Killed a ghost moth
 41755 | Spider:3 | Noticed an emperor scorpion
 42005 | Spider:2 | Learned a level 6 spell: Statue Form
 42048 | Spider:2 | Reached skill level 1 in Transmutations
 42975 | Spider:3 | Killed an emperor scorpion
 43356 | Spider:4 | Entered Level 4 of the Spider Nest
 43686 | Spider:4 | Offered knowledge of Lehudib's Crystal Spear by Vehumet.
 43686 | Spider:4 | Offered knowledge of Fire Storm by Vehumet.
 43686 | Spider:4 | Offered knowledge of Tornado by Vehumet.
 43760 | Spider:4 | Reached skill level 5 in Transmutations
 43833 | Spider:4 | Reached XP level 15. HP: 67/67 MP: 10/32
 44037 | Spider:4 | Found a frozen archway.
 44051 | IceCv    | Entered an ice cave
 44779 | Spider:4 | Noticed an emperor scorpion
 44788 | Spider:4 | Killed an emperor scorpion
 44884 | Spider:4 | Noticed an emperor scorpion
 44959 | Spider:4 | Noticed Kirke
 44964 | Spider:4 | Noticed an emperor scorpion
 45310 | Spider:4 | Noticed an emperor scorpion
 45347 | Spider:4 | Noticed an emperor scorpion
 45380 | Spider:4 | Killed an emperor scorpion
 45591 | Spider:4 | Noticed a ghost moth
 45659 | Spider:4 | Killed an emperor scorpion
 45875 | Spider:4 | Noticed an emperor scorpion
 45901 | Spider:4 | Killed an emperor scorpion
 46023 | Spider:4 | Killed an emperor scorpion
 46320 | Spider:4 | Noticed a ghost moth
 46320 | Spider:4 | Noticed a ghost moth
 46325 | Spider:4 | Killed a ghost moth
 46332 | Spider:4 | Killed a ghost moth
 46602 | Spider:4 | Killed Kirke
 46670 | Spider:4 | Killed a ghost moth
 46809 | Spider:4 | Killed an emperor scorpion
 46946 | Spider:4 | Got a gossamer rune of Zot
 47556 | D:15     | Found a glowing golden altar of the Shining One.
 48489 | D:15     | Reached XP level 16. HP: 72/72 MP: 24/34
 48626 | D:15     | Reached skill level 10 in Earth Magic
 48681 | D:14     | Learned a level 6 spell: Poisonous Cloud
 48715 | Vaults:1 | Entered Level 1 of the Vaults
 49119 | Vaults:1 | Reached skill level 10 in Transmutations
 51489 | Vaults:1 | Found Ejah's Weapon Shoppe.
 51622 | Vaults:1 | Reached skill level 10 in Fighting
 52018 | Vaults:1 | Reached XP level 17. HP: 73/77 MP: 6/35
 52758 | Vaults:1 | Reached skill level 15 in Dodging
 53552 | Vaults:2 | Noticed Mara
 53602 | Vaults:2 | Noticed Zwobot's illusion
 53831 | Vaults:2 | Noticed Margery
 53851 | Vaults:2 | Killed from afar by Margery
 53852 | Vaults:2 | Reached XP level 16. HP: -33/117 MP: 13/34
 54484 | Vaults:1 | Killed Margery
 55263 | Vaults:2 | Found a staircase to the Crypt.
 55305 | Vaults:2 | Reached skill level 16 in Dodging
 55641 | Vaults:2 | Noticed Frederick
 55658 | Vaults:2 | Killed Frederick
 55658 | Vaults:2 | Reached XP level 17. HP: 78/78 MP: 19/35
 55740 | Vaults:2 | Noticed Donald
 55755 | Vaults:2 | Killed Donald
 56059 | Vaults:2 | Noticed Zwobot's illusion
 56062 | Vaults:2 | Killed Zwobot's illusion
 56075 | Vaults:2 | Noticed Zwobot's illusion
 57623 | Vaults:3 | Reached skill level 15 in Conjurations
 58079 | Vaults:3 | Learned a level 2 spell: Blink
 59215 | Vaults:4 | Reached XP level 18. HP: 82/82 MP: 22/37
 59958 | Vaults:4 | Reached skill level 15 in Spellcasting
 60751 | Vaults:4 | Slain by a vault guard
 60752 | Vaults:4 | Reached XP level 17. HP: -2/93 MP: 9/37
 62528 | Vaults:4 | Learned a level 6 spell: Bolt of Cold
 63822 | Shoals:1 | Reached skill level 17 in Spellcasting
 63828 | Shoals:1 | Reached XP level 18. HP: 82/82 MP: 20/40
 64047 | Shoals:2 | Found Jotiucw's Armour Shoppe.
 64064 | Shoals:2 | Found Lojetz's General Store.
 64078 | Shoals:2 | Bought a scroll of identify for 34 gold pieces
 64078 | Shoals:2 | Bought a meat ration for 85 gold pieces
 64087 | Shoals:2 | Found Pour Ifao's Weapon Boutique.
 64317 | Shoals:2 | Found Veciaroll's Assorted Antiques.
 64324 | Shoals:2 | Bought a notched golden ring for 145 gold pieces
 64324 | Shoals:2 | Bought a potion of haste for 290 gold pieces
 64324 | Shoals:2 | Bought a scroll of fear for 101 gold pieces
 64495 | Shoals:2 | Found Optucw's Weapon Boutique.
 64935 | Shoals:3 | Noticed namelastname112's ghost (mighty DrWr)
 65077 | Shoals:3 | Killed namelastname112's ghost
 65992 | Shoals:4 | Entered Level 4 of the Shoals
 66008 | Shoals:4 | Noticed Polyphemus
 66632 | Shoals:4 | Hit by a javelin thrown by a merfolk javelineer

Action                   |  1- 3 |  4- 6 |  7- 9 | 10-12 | 13-15 | 16-18 || total
-------------------------+-------+-------+-------+-------+-------+-------++-------
Melee: Unarmed           |     7 |   103 |   354 |   725 |  1040 |   492 ||  2721
 Cast: Sting             |   102 |   156 |   185 |    56 |       |       ||   499
       Mephitic Cloud    |     1 |    13 |    43 |    61 |    44 |     9 ||   171
       Freeze            |       |       |     2 |     5 |       |       ||     7
       Venom Bolt        |       |       |       |    93 |   194 |    21 ||   308
       Throw Icicle      |       |       |       |    20 |       |       ||    20
       Iskenderun's Myst |       |       |       |    59 |    36 |       ||    95
       Poison Arrow      |       |       |       |    46 |   364 |   406 ||   816
       Bolt of Magma     |       |       |       |     2 |       |       ||     2
       Iron Shot         |       |       |       |       |    54 |    28 ||    82
       Orb of Destructio |       |       |       |       |    44 |    60 ||   104
       Repel Missiles    |       |       |       |       |     1 |    10 ||    11
       Statue Form       |       |       |       |       |     1 |    44 ||    45
       Poisonous Cloud   |       |       |       |       |       |   144 ||   144
       Bolt of Cold      |       |       |       |       |       |    15 ||    15
 Abil: End Transformatio |       |       |       |       |       |     1 ||     1
Evoke: Wand              |     2 |     5 |    18 |    29 |     6 |     6 ||    66
       Crystal ball of e |       |       |       |       |       |     3 ||     3
  Use: Scroll            |     7 |     2 |     2 |    19 |    22 |    16 ||    68
       Potion            |       |       |       |     6 |    14 |     6 ||    26
 Stab: Sleeping          |     2 |     2 |     1 |    17 |    24 |    10 ||    56
       Confused          |       |     4 |    14 |    39 |    22 |       ||    79
       Distracted        |       |     1 |     1 |     2 |     3 |     2 ||     9
       Paralysed         |       |       |     8 |       |     1 |       ||     9
  Eat: Chunk             |    11 |    10 |    16 |    93 |   193 |   192 ||   515
       Pizza             |       |       |       |     4 |     1 |       ||     5
       Beef jerky        |       |       |       |       |     3 |       ||     3
       Meat ration       |       |       |       |       |     5 |     1 ||     6
       Royal jelly       |       |       |       |       |     1 |     1 ||     2
